 Dungeon Sprint DCSS version 0.21-a0-78-g82a99e0 (webtiles) character file.

1407 Kidiri the Skirmisher (level 8, -19/80 HPs)
             Began as a Demonspawn Transmuter on June 21, 2017.
             Was a Priest of Wu Jian.
             Demolished by a two-headed ogre
             ... wielding a +0 giant club
              (24 damage)
             ... in the Dungeon (Sprint III: "The Ten Rune Challenge").
             The game lasted 00:12:13 (1522 turns).

Kidiri the Skirmisher (Demonspawn Transmuter)       Turns: 1522, Time: 00:12:14

Health: -19/80     AC:  8    Str: 13    XL:     8   Next: 42%
Magic:  1/18       EV: 13    Int: 17    God:    Wu Jian [***...]
Gold:   39         SH:  0    Dex: 13    Spells: 0/20 levels left

rFire    x x .     SeeInvis .     - Unarmed
rCold    + + +     Gourm    .   (shield currently unavailable)
rNeg     . . .     Faith    .   (armour currently unavailable)
rPois    +         Spirit   .   (helmet currently unavailable)
rElec    .         Reflect  .   (cloak currently unavailable)
rCorr    .         Harm     .   (gloves currently unavailable)
MR       .....     NoTele   +   (boots currently unavailable)
Stlth    +++.......             (no amulet)
HPRegen  1.23/turn              l - ring of ice
MPRegen  0.16/turn              (no ring)

@: ice-form, very slightly contaminated
A: clever 1, powered by death 1, wild magic 1, flame cloud immunity
a: End Transformation, Renounce Religion


You were in the Dungeon.
You worshipped Wu Jian.
Wu Jian was most pleased with you.
You were very hungry.
You were a creature of crystalline ice.
You visited 1 branch You collected 39 gold pieces.

Inventory:

Missiles
 a - 12 arrows
Armour
 b - a +0 robe (melded)
 j - a +0 pair of gloves (melded)
Jewellery
 l - a ring of ice (left front paw)
Scrolls
 p - 4 scrolls of remove curse
Potions
 e - a potion of curing
 g - a potion of haste
 h - 2 potions of magic
 i - 2 potions of berserk rage
 k - a potion of mutation
 s - a potion of brilliance {unknown}
 v - a potion of lignification {unknown}
 w - 2 potions of flight
Books
 c - a book of Changes

   Spells                             Type                      Level
   a - Beastly Appendage              Transmutation                1
   b - Sticks to Snakes               Transmutation                2
   c - Spider Form                    Transmutation/Poison         3
   d - Ice Form                       Ice/Transmutation            4
   e - Blade Hands                    Transmutation                5
 m - a book of Misfortune

   Spells                             Type                      Level
   a - Confusing Touch                Hexes                        1
   b - Confuse                        Hexes                        3
   c - Gell's Gravitas                Translocation                3
   d - Petrify                        Transmutation/Earth          4
   e - Metabolic Englaciation         Hexes/Ice                    5
   f - Yara's Violent Unravelling     Hexes/Transmutation          5
 n - a book of Minor Magic

   Spells                             Type                      Level
   a - Magic Dart                     Conjuration                  1
   b - Blink                          Translocation                2
   c - Call Imp                       Summoning                    2
   d - Slow                           Hexes                        2
   e - Conjure Flame                  Conjuration/Fire             3
   f - Mephitic Cloud                 Conjuration/Poison/Air       3
Comestibles
 d - a bread ration
 o - a royal jelly
 q - a meat ration


   Skills:
 * Level 7.4 Fighting
 + Level 4.5 Armour
 * Level 6.8 Dodging
 + Level 4.9 Stealth
 * Level 7.2 Unarmed Combat
 * Level 6.8 Spellcasting
 * Level 6.9 Transmutations
 + Level 3.6 Ice Magic
 + Level 0.5 Earth Magic
 + Level 4.5 Poison Magic


You couldn't memorise any spells.
You knew the following spells:

 Your Spells              Type           Power        Failure   Level  Hunger
a - Beastly Appendage     Tmut           #####.       1%          1    None
b - Sticks to Snakes      Tmut           #####...     2%          2    None
c - Spider Form           Tmut/Pois      ####......   5%          3    ##.....
d - Ice Form              Ice/Tmut       #####...     19%         4    ####...
e - Blade Hands           Tmut           #####.....   26%         5    #####..
f - Petrify               Tmut/Erth      ###.....     34%         4    ####...
g - Confusing Touch       Hex            #.....       17%         1    None


Dungeon Overview and Level Annotations

Branches:
Dungeon (1/1)

Altars:
Cheibriados
Dithmenos
Elyvilon
Fedhas
Gozag
Hepliaklqana
Kikubaaqudgha
Makhleb
Nemelex Xobeh
Okawaru
Qazlal
Ru
Sif Muna
Trog
Uskayaw
Vehumet
Wu Jian
Xom
Yredelemnul
Zin
The Shining One
Beogh
Jiyva
Lugonu


Innate Abilities, Weirdness & Mutations

((You have very sharp fingernails.))
((Your flesh is heat resistant. (rF+)))
You regenerate a little health from kills.
You are immune to clouds of flame.
((You have a pair of small horns on your head.))
Your mind is acute. (Int +2)
Your spells are a little harder to cast, but a little more powerful.


Message History

The two-headed ogre misses you.
You hit the two-headed ogre but do no damage.
The two-headed ogre is severely wounded.
The two-headed ogre barely misses you. The two-headed ogre misses you.
You spin and attack the two-headed ogre.
You punch the two-headed ogre! You freeze the two-headed ogre.
The two-headed ogre is almost dead.
The two-headed ogre hits you with a giant club!!
* * * LOW HITPOINT WARNING * * *
The two-headed ogre barely misses you.
Unknown command.
You spin and attack the two-headed ogre.
You hit the two-headed ogre but do no damage.
You spin and attack the two-headed ogre.
You hit the two-headed ogre. You freeze the two-headed ogre.
You kill the two-headed ogre!
The Council accepts your kill.
You can now strike by moving towards foes, devastating them if distracted.
The two-headed ogre hits you with a giant club!!
You die...

▓▓▓▓▓▓▓▓▓ ▓▓▓ ▓<..#...####
##.############
▓...#......#####..#___#___#__#
▓..##.......#..#..#...#__.#._#
▓##.##.##...#..#..###+#'###)##
##.##.###!.##+#..#..........#
▓#.####.##..###...'.⌠....)..)#
▓.###..##..####.O)#...######'#
▓#.....##..###..Y.#.⌠.#__#...#+##
###..##)..##.....#...#__#...#...
##÷.##....#......#+###__#...##.#
#..###..##.#.....#[..#__#...'##.
#..# #..#####....#___#__+...#..O
▓▓▓▓ ▓▓▓▓ ▓▓▓▓▓▓▓▓▓▓▓▓▓▓▓▓▓▓▓▓


You could see a two-headed ogre.

Vanquished Creatures
  A deep elf mage (D)
  A shadow (D)
  A spatial vortex (D)
  A necrophage (D)
  2 two-headed ogres (D)
  A water elemental (D)
  A scorpion (D)
  A jelly (D)
  Jessica (D)
  A wizard (D)
  A necromancer (D)
  3 humans (D)
  A kobold demonologist (D)
  An ooze (D)
  2 rats (D)
19 creatures vanquished.

Vanquished Creatures (others)
  2 draconian scorchers (D)
  6 hellions (D)
  2 yaktaurs (D)
  2 plants (D)
12 creatures vanquished.

Grand Total: 31 creatures vanquished

Notes
Turn   | Place    | Note
-------+----------+-------------------------------------------
     0 | D        | Kidiri the Demonspawn Transmuter began the quest for the Orb.
     0 | D        | Reached XP level 1. HP: 15/15 MP: 3/3
   148 | D        | Killed a white draconian scorcher
   155 | D        | Killed a hellion
   155 | D        | Killed a hellion
   156 | D        | Killed a hellion
   166 | D        | Killed a hellion
   169 | D        | Killed a hellion
   181 | D        | Killed a white draconian scorcher
   328 | D        | Noticed Jessica
   336 | D        | Killed Jessica
   336 | D        | Reached skill level 1 in Armour
   336 | D        | Reached skill level 1 in Stealth
   336 | D        | Gained mutation: Your flesh is heat resistant. (rF+) [demonic ancestry]
   336 | D        | Reached XP level 2. HP: 23/23 MP: 3/5
   336 | D        | Gained mutation: You regenerate a little health from kills. [demonic ancestry]
   336 | D        | Reached XP level 3. HP: 28/28 MP: 4/7
   339 | D        | Killed a hellion
   342 | D        | Learned a level 2 spell: Sticks to Snakes
   346 | D        | Learned a level 3 spell: Spider Form
   368 | D        | Noticed a scorpion
   652 | D        | Killed a scorpion
   652 | D        | Reached skill level 1 in Poison Magic
   652 | D        | Gained mutation: You have sharp fingernails. [demonic ancestry]
   652 | D        | Reached XP level 4. HP: 35/35 MP: 4/9
   670 | D        | Gained mutation: Your mind is acute. (Int +2) [potion of mutation]
   670 | D        | Gained mutation: Your spells are a little harder to cast, but a little more powerful. [potion of mutation]
   670 | D        | Gained mutation: You have a pair of small horns on your head. [potion of mutation]
   671 | D        | Killed a yaktaur
   676 | D        | Learned a level 4 spell: Ice Form
   693 | D        | Noticed a water elemental
   703 | D        | Killed a water elemental
   703 | D        | Reached XP level 5. HP: 42/42 MP: 7/11
   736 | D        | Found an ornate altar of the Wu Jian Council.
   736 | D        | Found a roughly hewn altar of Beogh.
   736 | D        | Found an iron altar of Okawaru.
   736 | D        | Found a bloodstained altar of Trog.
   736 | D        | Found a hide-covered altar of Uskayaw.
   736 | D        | Noticed a human
   737 | D        | Noticed a human
   769 | D        | Killed a human
   769 | D        | Reached skill level 5 in Unarmed Combat
   769 | D        | Reached skill level 5 in Transmutations
   769 | D        | Reached skill level 1 in Ice Magic
   769 | D        | Gained mutation: You are immune to clouds of flame. [demonic ancestry]
   769 | D        | Reached XP level 6. HP: 15/50 MP: 9/13
   769 | D        | Killed a human
   769 | D        | Reached skill level 5 in Fighting
   769 | D        | Reached skill level 5 in Dodging
   769 | D        | Reached skill level 5 in Spellcasting
   779 | D        | Learned a level 5 spell: Blade Hands
  1042 | D        | Became a worshipper of the Wu Jian Council
  1094 | D        | Found a radiant altar of Vehumet.
  1094 | D        | Found a deep blue altar of Sif Muna.
  1094 | D        | Found an ancient bone altar of Kikubaaqudgha.
  1137 | D        | Found a glowing silver altar of Zin.
  1138 | D        | Found a glowing golden altar of the Shining One.
  1138 | D        | Found a white marble altar of Elyvilon.
  1138 | D        | Noticed a deep elf mage
  1148 | D        | Killed a deep elf mage
  1148 | D        | Reached * piety under Wu Jian
  1148 | D        | Reached XP level 7. HP: 57/59 MP: 10/16
  1309 | D        | Killed a yaktaur
  1326 | D        | Found a basalt altar of Yredelemnul.
  1326 | D        | Found a shadowy altar of Dithmenos.
  1326 | D        | Found a sacrificial altar of Ru.
  1342 | D        | Noticed a shadow
  1345 | D        | Killed a shadow
  1345 | D        | Reached ** piety under Wu Jian
  1345 | D        | Gained mutation: You have very sharp fingernails. [demonic ancestry]
  1345 | D        | Reached XP level 8. HP: 65/65 MP: 15/17
  1353 | D        | Found a blossoming altar of Fedhas.
  1353 | D        | Found a stormy altar of Qazlal.
  1354 | D        | Found a snail-covered altar of Cheibriados.
  1354 | D        | Found a burning altar of Makhleb.
  1354 | D        | Found a hazy altar of Hepliaklqana.
  1354 | D        | Found a shimmering altar of Xom.
  1354 | D        | Found an opulent altar of Gozag.
  1354 | D        | Found a sparkling altar of Nemelex Xobeh.
  1354 | D        | Found a corrupted altar of Lugonu.
  1354 | D        | Found a viscous altar of Jiyva.
  1374 | D        | Learned a level 4 spell: Petrify
  1376 | D        | Learned a level 1 spell: Confusing Touch
  1506 | D        | HP: 1/67 [two-headed ogre/giant club (13)]
  1521 | D        | HP: 4/80 [two-headed ogre/giant club (23)]
  1522 | D        | Reached *** piety under Wu Jian
  1522 | D        | Demolished by a two-headed ogre

Vault maps used:
D:        dungeon_sprint_mu

Skill      XL: |  1  2  3  4  5  6  7  8 |
---------------+-------------------------+-----
Dodging        | 2 3 4 6 |  6.8
Unarmed Combat | 3 4 5 6 7 |  7.2
Transmutations | 3 4 5 6 |  6.9
Fighting       | 2 3 4 6 7 |  7.4
Armour         | 1 2 4 |  4.5
Stealth        | 1 2 3 4 |  4.9
Spellcasting   | 3 4 6 |  6.8
Poison Magic   | 1 2 4 |  4.5
Ice Magic      | 1 3 |  3.6
Earth Magic    | |  0.5

Action                   |  1- 3 |  4- 6 |  7- 9 || total
-------------------------+-------+-------+-------++-------
Melee: Unarmed           |    38 |    32 |    30 ||   100
       Kick              |     6 |       |       ||     6
       Punch             |     1 |       |       ||     1
 Cast: Beastly Appendage |     5 |       |       ||     5
       Spider Form       |     3 |     6 |     1 ||    10
       Ice Form          |       |       |     2 ||     2
       Confusing Touch   |       |       |     1 ||     1
  Use: Potion            |       |     1 |     2 ||     3
       Scroll            |       |     5 |       ||     5
 Stab: Sleeping          |     1 |     1 |     2 ||     4
  Eat: Royal jelly       |       |     1 |       ||     1
       Chunk             |       |       |     1 ||     1
Armor: Robe              |     3 |       |       ||     3
       Skin              |       |     2 |     2 ||     4
Dodge: Dodged            |    23 |    31 |    38 ||    92
